 Dungeon Crawl Stone Soup version 0.31.0-11-ge490571c62 (webtiles) character file.

Game seed: 1611235375765009599

770 Flugkiller the Firebug (level 7, 0/50 HPs)
             Began as a Ghoul Fire Elementalist on Jan 29, 2024.
             Was an Initiate of Vehumet.
             Shot with an arrow by a centaur (14 damage)
             ... on level 5 of the Dungeon.
             The game lasted 00:03:57 (4527 turns).

Flugkiller the Firebug (Ghoul Fire Elementalist)    Turns: 4527, Time: 00:03:58

Health: 0/50       AC:  4    Str: 12    XL:     7   Next: 82%
Magic:  7/12       EV: 12    Int: 16    God:    Vehumet [......]
Gold:   230        SH:  0    Dex:  9    Spells: 7/13 levels left

rFire   . . .        l - +1 war axe (distort)
rCold   + . .        (no shield)
rNeg    + + +        a - +0 robe
rPois   ∞            p - +0 helmet
rElec   .            (no cloak)
rCorr   .            c - +0 pair of gloves
SInv    .            (no boots)
Will    .....        (no amulet)
Stlth   ++           (no ring)
HPRegen 0.00/turn    (no ring)
MPRegen 0.13/turn

%: no passive effects
@: very slightly contaminated, inhibited regen
A: claws 1, cold resistance 1, negative energy resistance 3, inhibited
regeneration, torment resistance 2, devour on kill
a: Renounce Religion


You were on level 5 of the Dungeon.
You worshipped Vehumet.
Vehumet was noncommittal.
You visited 2 branches of the dungeon, and saw 6 of its levels.

You collected 230 gold pieces.

Inventory:

Hand Weapons
 d - a +0 spear
   (You found it on level 1 of the Dungeon)
 l - a +1 war axe of distortion (weapon)
   (You took it off a goblin on level 3 of the Dungeon)
Armour
 a - a +0 robe (worn)
 c - a +0 pair of gloves (worn)
   (You found it on level 1 of the Dungeon)
 p - a +0 helmet (worn)
   (You found it on level 4 of the Dungeon)
Jewellery
 h - a ring of flight
   (You found it on level 2 of the Dungeon)
Wands
 r - a wand of roots (7)
   (You found it on level 5 of the Dungeon)
 t - a wand of flame (8)
   (You took it off a kobold brigand on level 5 of the Dungeon)
Scrolls
 f - a scroll of fog {unknown}
 g - 2 scrolls of amnesia {unknown}
 j - 2 scrolls of revelation {unknown}
 k - 5 scrolls of identify {unknown}
 q - a scroll of vulnerability {unknown}
 s - a scroll of noise {unknown}
Potions
 b - a potion of magic
 e - a potion of resistance {unknown}
 i - a potion of lignification {unknown}
 m - 2 potions of heal wounds {unknown}
 n - a potion of attraction {unknown}
 o - a potion of curing {unknown}


   Skills:
 - Level 1.7 Dodging
 - Level 2.1 Stealth
 + Level 3.8 Spellcasting
 + Level 3.4 Conjurations
 * Level 5.5 Fire Magic


You had 7 spell levels left.
You knew the following spells:

 Your Spells              Type           Power      Damage    Failure   Level
a - Foxfire               Conj/Fire      68%        2x1d7     2%          1
b - Scorch                Fire           40%        2d6       2%          2
c - Inner Flame           Hex/Fire       11%        N/A       17%         3

Your spell library contained the following spells:

 Spells                   Type           Power      Damage    Failure   Level
 Volatile Blastmotes      Fire/Tloc      22%        2d11      17%         3
 Flame Wave               Conj/Fire      17%        2d7       26%         4
 Call Canine Familiar     Summ           3%         N/A       45%         3
 Sigil of Binding         Hex            3%         N/A       45%         3
 Dimensional Bullseye     Hex/Tloc       1%         N/A       86%         4


Dungeon Overview and Level Annotations

Branches:
Dungeon (5/15) Zot: 25408  Temple (1/1) D:4 Zot: 5998

Altars:
Ashenzari
Cheibriados
Dithmenos
Gozag
Hepliaklqana
Makhleb
Nemelex Xobeh
Okawaru
Qazlal
Ru
Trog
Uskayaw
Vehumet
Xom
Yredelemnul


Innate Abilities, Weirdness & Mutations

You are immune to poison.
You have sharp fingernails.
Your flesh is cold resistant. (rC+)
You are immune to negative energy. (rN+++)
You do not regenerate when monsters are visible.
You are immune to unholy pain and torment.
You thrive by killing the living.


Message History

The hound is almost dead.
The hound misses you.
You closely miss the hound.
The hound is almost dead.
The hound bites you. The hound bites you but does no damage.
The hound bites you.
You closely miss the hound.
The hound is almost dead.
The hound bites you. The hound closely misses you.
You miss the hound.
The hound is almost dead.
The hound bites you but does no damage. The hound bites you.
You barely miss the hound.
The hound is almost dead.
The hound misses you. The hound closely misses you.
You slash the hound!
You kill the hound!
Vehumet accepts your kill.
You feel better.
Found 10 gold pieces.
You see here a hound corpse.
Created macro '2' => 'zb'.
Unknown command.
You now have 230 gold pieces (gained 10).
Found a sacrificial altar of Ru.
Found 8 stones.
Found a stone staircase leading down.
Unknown command.
You pick up a book of the Hunter and begin reading...
You add the spells Sigil of Binding, Call Canine Familiar and Dimensional Bullseye to your library.
Unknown command.
k - 5 scrolls labelled MIYBUUNOTI (gained 1)
Found an escape hatch in the floor.
Found a chain mail.
j - 2 scrolls labelled CUIGIEVOIT (gained 1)
You see here a +0 chain mail.
An orc and an adder come into view.
There are monsters nearby!
Unknown command.
The orc shouts!
Casting: Scorch (safe; 3% risk of failure)
Confirm with . or Enter, or press ? or * to list all spells.
Flames lash the orc.
The orc is heavily wounded.
The orc's fire resistance burns away.
The adder hisses angrily.
Casting: Scorch (safe; 3% risk of failure)
Confirm with . or Enter, or press ? or * to list all spells.
Flames lash the adder.
The adder is severely wounded.
The adder's fire resistance burns away.
A scorpion comes into view.
Casting: Scorch (safe; 3% risk of failure)
Confirm with . or Enter, or press ? or * to list all spells.
Flames lash the orc.
The orc is burned terribly!
You kill the orc!
Vehumet accepts your kill. The adder misses you.
The adder attacks as it pursues you! The adder misses you.
You slash the adder!
You kill the adder!
Vehumet accepts your kill.
You closely miss the scorpion. Your punch misses the scorpion.
The scorpion stings you.
The scorpion stings you but does no damage.
You hit the scorpion.
Space warps horribly around the scorpion!!
You kill the scorpion!
Vehumet accepts your kill.
You feel better.
No target in view!
You see here a scorpion corpse.
No target in view!
Found an escape hatch in the ceiling.
A centaur comes into view. It is wielding a +0 dagger.
A centaur is nearby!
A centaur is nearby!
Unknown command.
The centaur shouts!
The centaur throws a stone.
The stone hits you.
Found 20 gold pieces.
The centaur unwields a +0 dagger.
The centaur wields a +0 orcbow.
The centaur shoots an arrow.
The arrow hits you!
The centaur throws a stone.
The stone hits you.
Casting: Scorch (safe; 2% risk of failure)
Confirm with . or Enter, or press ? or * to list all spells.
You miscast Scorch.
You are very lightly contaminated with residual magic.
Nothing appears to happen.
The centaur throws a stone.
The stone barely misses you.
Casting: Scorch (safe; 2% risk of failure)
Confirm with . or Enter, or press ? or * to list all spells.
Flames lash the centaur.
The centaur is moderately wounded.
The centaur's fire resistance burns away.
The centaur shoots an arrow.
The arrow hits you.
The centaur shoots an arrow.
The arrow hits you!
* * * LOW HITPOINT WARNING * * *
Unknown command.
The centaur shoots an arrow.
The arrow hits you!
You die...

#.............# ...$
###........<.# #....
##.........# ##.....
##........#####.......
#
##........##.........
# ##..#...............
# ##.....#............
# #..#..###......c....
# ###....##
##.@######## #
#.....## ##.# #
###...# ##$# # #...#
## # #####


You could see a centaur (combustible).

Vanquished Creatures
  A sky beast (D:3)
  An ice beast (D:5)
  An ogre (D:3)
  A kobold brigand (D:5)
  A scorpion (D:5)
  3 hounds
  A sleepcap (D:4)
  Natasha (thrice) (D:1)
  2 iguanas (D:4)
  4 adders
  A white imp (D:5)
  5 ribbon worms
  2 dart slugs
  3 orcs
  5 ball pythons
  7 bats
  5 endoplasms
  A giant cockroach (D:2)
  7 goblins
  4 hobgoblins
  6 jackals (D:3)
  4 quokkas
  4 frilled lizards
  8 kobolds
  2 rats (D:1)
82 creatures vanquished.

Vanquished Creatures (others)
  140 foxfires
140 creatures vanquished.

Grand Total: 222 creatures vanquished

Notes
Turn   | Place    | Note
-------+----------+-------------------------------------------
     0 | D:1      | Flugkiller the Ghoul Fire Elementalist began the quest for
                  | the Orb.
     0 | D:1      | Reached XP level 1. HP: 14/14 MP: 3/3
   132 | D:1      | Reached skill level 1 in Conjurations
   147 | D:1      | Reached XP level 2. HP: 20/20 MP: 4/4
   579 | D:2      | Noticed Natasha
   593 | D:1      | Killed Natasha
   594 | D:1      | Reached skill level 3 in Fire Magic
   594 | D:1      | Reached XP level 3. HP: 5/26 MP: 1/6
   598 | D:1      | Noticed Natasha
   608 | D:1      | Killed Natasha
   609 | D:1      | Reached XP level 4. HP: 7/33 MP: 4/7
   708 | D:1      | Learned a level 2 spell: Scorch
  1347 | D:1      | Noticed Natasha
  1353 | D:1      | Killed Natasha
  1354 | D:1      | Reached XP level 5. HP: 38/38 MP: 2/8
  1565 | D:2      | Found a faded altar of an unknown god.
  2244 | D:3      | Noticed a sky beast
  2469 | D:3      | Noticed an ogre
  2478 | D:3      | Killed an ogre
  2479 | D:3      | Reached skill level 4 in Fire Magic
  2479 | D:3      | Reached XP level 6. HP: 21/45 MP: 0/10
  2633 | D:3      | Found a broken altar of Ashenzari.
  2749 | D:3      | Found a stormy altar of Qazlal.
  2787 | D:3      | Killed a sky beast
  2908 | D:3      | Found a burning altar of Makhleb.
  3114 | D:4      | Reached XP level 7. HP: 42/50 MP: 5/11
  3676 | D:4      | Found a staircase to the Ecumenical Temple.
  3685 | Temple   | Entered the Ecumenical Temple
  3833 | D:4      | Found a basalt altar of Yredelemnul.
  3833 | D:4      | Found a snail-covered altar of Cheibriados.
  3839 | D:4      | Found a faded altar of an unknown god.
  3841 | D:4      | Found a radiant altar of Vehumet.
  3843 | D:4      | Found a faded altar of an unknown god.
  3847 | D:4      | Became a worshipper of Vehumet
  3958 | D:5      | Entered Level 5 of the Dungeon
  3982 | D:5      | Reached skill level 5 in Fire Magic
  4035 | D:5      | Learned a level 3 spell: Inner Flame
  4379 | D:5      | Found a sacrificial altar of Ru.
  4527 | D:5      | Shot with an arrow by a centaur

Illustrated notes

Levels and vault maps discovered:
D:1:      tarquinn_simple_flora_water_d, layout_rooms, serial_corexii_hall,
          chequers_hall_statues_corner_a, chequers_hall_statues_y
D:2:      layout_basic, dreamdust_ecumenical_altar_angels_and_demons,
          hex_medium, nicolae_wormholes, uniq_natasha
D:3:      layout_basic, nicolae_qazlal_beasts_of_the_sky, lemuel_round_altar,
          mainiacjoe_overflow_alcove_2
D:4:      layout_loops_cross, chequers_temple_overflow_minitemple,
          minmay_temple_entry_arrows, serial_library_regret_index_split_case,
          corexii_corridor_pit
D:5:      layout_layer_cave, nicolae_ru_sacrificial_ziggurat,
          blue_anna_alchemist, eino_curves_04, hangedman_decor_growths
Temple:   minmay_temple_curvy_loop

Skill      XL: |  1  2  3  4  5  6  7 |
---------------+----------------------+-----
Conjurations   | 1 2 3 |  3.4
Spellcasting   | 2 3 |  3.8
Fire Magic     | 3 4 5 |  5.5
Dodging        | |  1.7
Stealth        | |  2.1

Action                     |  1- 3 |  4- 6 |  7- 9 || total
---------------------------+-------+-------+-------++-------
  Melee: Spear             |    33 |    54 |       ||    87
         Unarmed           |     3 |       |       ||     3
         War axe           |       |    25 |    39 ||    64
   Cast: Foxfire           |    12 |    60 |    10 ||    82
         Scorch            |       |    31 |    14 ||    45
    Use: Potion            |     1 |       |       ||     1
   Stab: Sleeping          |     1 |     2 |     1 ||     4
 Armour: Robe              |    24 |    77 |    38 ||   139
  Dodge: Dodged            |    21 |    79 |    28 ||   128
